 Dungeon Crawl Stone Soup version 0.29-a0-775-g4d7333d4e2 (webtiles) character file.

Game seed: 5211768990196306241

114 Anon1729 the Trooper (level 4, -2/41 HPs)
             Began as a Minotaur Monk on July 1, 2022.
             Was a Priest of Okawaru.
             Splashed by a jelly's acid (11 damage)
             ... on level 2 of the Dungeon.
             The game lasted 00:01:31 (1996 turns).

Anon1729 the Trooper (Minotaur Monk)                Turns: 1996, Time: 00:01:31

Health: -2/41      AC: -8    Str: 18    XL:     4   Next: 66%
Magic:  1/3        EV: 15    Int:  7    God:    Okawaru [***...]
Gold:   90         SH:  0    Dex: 12    Spells: 3/3 levels left

rFire   + . .      SeeInvis .     - Unarmed
rCold   . . .      Faith    .   (no shield)
rNeg    . . .      Spirit   .   a - +0 robe
rPois   .          Reflect  .   (helmet restricted)
rElec   .          Harm     .   (no cloak)
rCorr   .          Rampage  .   (no gloves)
Will    .....                   g - +0 pair of boots
Stlth   +++.......              (no amulet)
HPRegen 0.13/turn               i - ring of protection from fire
MPRegen 0.08/turn               (no ring)

@: heroic, corroded
A: horns 2, retaliatory headbutt
a: Renounce Religion, Heroism


You were on level 2 of the Dungeon.
You worshipped Okawaru.
Okawaru was most pleased with you.
You visited 1 branch of the dungeon, and saw 2 of its levels.

You collected 90 gold pieces.

Inventory:

Armour
 a - a +0 robe (worn)
 g - a +0 pair of boots (worn)
Jewellery
 i - a ring of protection from fire (left hand)
Scrolls
 d - a scroll of enchant weapon {unknown}
 f - a scroll of immolation {unknown}
 h - a scroll of identify {unknown}
Potions
 b - a potion of ambrosia
 c - 2 potions of curing {unknown}
 e - a potion of attraction {unknown}


   Skills:
 + Level 4.6(9.6) Fighting
 + Level 2.2(7.2) Armour
 + Level 4.1(9.1) Dodging
 - Level 1.6(6.6) Stealth
 + Level 4.1(9.1) Unarmed Combat


You had 3 spell levels left.
You didn't know any spells.
Your spell library was empty.

Dungeon Overview and Level Annotations

Branches:
Dungeon (2/15)

Altars:
Okawaru


Innate Abilities, Weirdness & Mutations

You have a pair of horns on your head.
You reflexively headbutt those who attack you in melee.


Message History

The jelly quivers.
The endoplasm quivers.
There is an open door here.
You see here a +0 dagger.
The jelly hits you but does no damage.
You punch the jelly! The acid corrodes you!
Your hands burn!
The jelly is heavily wounded.
The jelly hits you. The acid corrodes you!
You are splashed with acid!
You completely miss the jelly. You headbutt the jelly.
The jelly is severely wounded.
The jelly hits you.
You are splashed with acid!
You are too injured to fight recklessly!
You are too injured to fight recklessly!
You are too injured to fight recklessly!
You are too injured to fight recklessly!
You are too injured to fight recklessly!
You hit the jelly but do no damage.
Your hands burn!
The jelly is severely wounded.
The jelly closely misses you.
You gain the combat prowess of a mighty hero.
The jelly barely misses you.
The endoplasm jiggles.
You hit the jelly but do no damage.
Your hands burn!
The jelly is severely wounded.
You hit the jelly.
You kill the jelly!
Okawaru accepts your kill.
Okawaru will now gift you ammunition as you gain piety.
Your base Armour skill increases to level 2!
Your base Dodging skill increases to level 4!
Unknown command.
Unknown command.
Unknown command.
You hit the jelly. The acid corrodes you!
Your hands burn!
* * * LOW HITPOINT WARNING * * *
Your punch misses the jelly.
The jelly is moderately wounded.
The jelly hits you.
* * * LOW HITPOINT WARNING * * *
You are splashed with acid!
You die...

##...........##.#
#..#)#.#.#...##.#
.##...............#
.##.....#.........#
...........########
.########### ### .#
#######.##.J.÷.:# .#
#####....#.#)#.J.PJP#
.####.##)....#.#@#÷J....#
......').....#'#J#..J÷PP#
...#..'))......#J#.JJ.÷.#
....#.'))...[..#J#J.P...#
#.#.#.##.......#.#..J...#
....#####......##'PJPJ.P#
#.#.# ##########....J.#
....# ####### ..###


You could see a jelly and 2 endoplasms.

Vanquished Creatures
  A jelly (D:2)
  4 adders (D:2)
  9 endoplasms
  3 giant cockroaches
  6 goblins
  A hobgoblin (D:1)
  A quokka (D:1)
  4 ball pythons
  3 bats
  2 frilled lizards
  11 kobolds
  3 rats (D:1)
48 creatures vanquished.

Vanquished Creatures (others)
  3 fungi (D:2)
  11 toadstools (D:2)
14 creatures vanquished.

Grand Total: 62 creatures vanquished

Notes
Turn   | Place    | Note
-------+----------+-------------------------------------------
     0 | D:1      | Anon1729 the Minotaur Monk began the quest for the Orb.
     0 | D:1      | Reached XP level 1. HP: 19/19 MP: 0/0
     6 | D:1      | Noticed an eight-headed hydra
     6 | D:1      | Noticed a killer bee
     7 | D:1      | Noticed a swamp worm
     7 | D:1      | Noticed a black bear
   123 | D:1      | Reached XP level 2. HP: 8/27 MP: 1/1
   779 | D:1      | Reached skill level 1 in Armour
   908 | D:1      | Found a faded altar of an unknown god.
  1082 | D:1      | Prayed at the altar of an unknown god.
  1082 | D:1      | Became a worshipper of Warmaster Okawaru
  1082 | D:1      | Reached * piety under Okawaru
  1082 | D:1      | Reached ** piety under Okawaru
  1200 | D:2      | Reached XP level 3. HP: 33/33 MP: 2/2
  1620 | D:2      | Reached XP level 4. HP: 34/41 MP: 3/3
  1995 | D:2      | Reached *** piety under Okawaru
  1996 | D:2      | Splashed by a jelly's acid

Illustrated notes

Levels and vault maps discovered:
D:1:      onia_arrival_zoo_common, layout_rooms,
          shapermc_ecumenical_altar_mp_highgroup, hex_intersection
D:2:      cheibrodos_fertilizer, layout_basic, serial_glass, glass_columns_a,
          glass_columns_a, glass_columns_c, glass_columns_a, glass_columns_a,
          glass_columns_c

Skill      XL: |  1  2  3  4 |
---------------+-------------+-----
Fighting       | 4 |  4.6
Armour         | 1 2 |  2.2
Unarmed Combat | 4 |  4.1
Dodging        | 4 |  4.1
Stealth        | |  1.6

Action                   |  1- 3 |  4- 6 || total
-------------------------+-------+-------++-------
Melee: Unarmed           |    78 |    23 ||   101
       Headbutt          |     9 |     2 ||    11
       Punch             |     3 |     1 ||     4
Invok: Heroism           |       |     1 ||     1
 Stab: Sleeping          |     7 |       ||     7
Armor: Robe              |    11 |     4 ||    15
Dodge: Dodged            |    43 |    16 ||    59

Table legend: (Time is in decaauts)
 A = Elapsed time spent in this place.
 B = Non-inter-level travel time spent in this place.
 C = Inter-level travel time spent in this place.
 D = Time resting spent in this place.
 E = Time spent auto-exploring this place.
 F = Levels seen in this place.
 G = Mean time per level.
                   A        B        C        D        E       F      G
               +--------+--------+--------+--------+--------+-----+--------+
         Total |   1988 |   1886 |    102 |     93 |   1552 |   2 |  994.0 |
       Dungeon |   1988 |   1886 |    102 |     93 |   1552 |   2 |  994.0 |
               +--------+--------+--------+--------+--------+-----+--------+

Top non-repeatable levels by time:
     D:1: 1109 daAuts
     D:2: 879 daAuts
